 Dungeon Sprint DCSS version 0.30-a0-292-g0f741e3f8e (webtiles) character file.

Game seed: 8137783924548502899

296 Low2 the Cruncher (level 6, -5/68 HPs)
             Began as an Ogre Gladiator on Oct 17, 2022.
             Slain by a yak (12 damage)
             ... in the Dungeon (Sprint I: "Red Sonja").
             The game lasted 00:01:39 (503 turns).

Low2 the Cruncher (Ogre Gladiator)                   Turns: 503, Time: 00:01:40

Health: -5/68      AC:  3    Str: 19    XL:     6   Next: 34%
Magic:  6/6        EV: 12    Int:  9    God:
Gold:   316        SH:  0    Dex: 12    Spells: 5/5 levels left

rFire   . . .      SeeInvis .    a - +0 quarterstaff
rCold   . . .      Faith    .    (shield currently unavailable)
rNeg    . . .      Spirit   .    b - +0 robe
rPois   .          Reflect  .    c - +0 hat
rElec   .          Harm     .    (no cloak)
rCorr   .          Rampage  .    (gloves unavailable)
Will    .....      NoTele   +    (boots unavailable)
Stlth   ++........               (no amulet)
HPRegen 0.31/turn                (no ring)
MPRegen 0.10/turn                (no ring)

@: no status effects
A: large, unfitting armour, tough skin 1
a: no special abilities


You were in the Dungeon.
You visited 1 branch You collected 316 gold pieces.

Inventory:

Hand Weapons
 a - a +0 quarterstaff (weapon)
Missiles
 e - a large rock
 f - a throwing net (quivered)
Armour
 b - a +0 robe (worn)
 c - a +0 hat (worn)
Wands
 d - a wand of flame (17)
 l - a wand of digging (3)
Potions
 h - a potion of haste
 i - 2 potions of magic


   Skills:
 + Level 6.8 Fighting
 + Level 8.7 Staves
 + Level 4.9 Throwing
 + Level 6.9 Dodging
 + Level 1.5 Stealth


You had 5 spell levels left.
You didn't know any spells.
Your spell library contained the following spells:

 Spells                   Type           Power      Damage    Failure   Level
 Ensorcelled Hibernation  Hex/Ice        0%         N/A       52%         2
 Petrify                  Tmut/Erth      0%         N/A       99%         4
 Simulacrum               Ice/Necr       0%         N/A       100%        6
 Statue Form              Tmut/Erth      0%         N/A       100%        6


Dungeon Overview and Level Annotations

Branches:
Dungeon (1/1)

Altars:
Cheibriados
Dithmenos
Elyvilon
Fedhas
Gozag
Hepliaklqana
Kikubaaqudgha
Okawaru
Qazlal
Ru
Sif Muna
Trog
Uskayaw
Vehumet
Wu Jian
Yredelemnul
Zin
The Shining One

Shops:
D (


Innate Abilities, Weirdness & Mutations

You are too large for most types of armour.
You have tough skin. (AC +1)


Message History

Found Pipniemn's Weapon Emporium.
Found fourteen altars.
Found an opulent altar of Gozag.
The yak bellows!
The yak gores you!
There is an open door, spattered with blood here.
You barely miss the yak. The yak closely misses you.
You hit the yak.
The yak is lightly wounded.
You hit the yak.
The yak is lightly wounded.
The yak gores you!
You hit the yak.
The yak is lightly wounded.
The yak barely misses you.
You barely miss the yak.
The yak is lightly wounded.
The yak gores you!
You completely miss the yak.
The yak is lightly wounded.
The yak closely misses you.
You hit the yak.
The yak is moderately wounded.
The yak barely misses you.
You closely miss the yak.
The yak is moderately wounded.
The yak gores you!
* * * LOW HITPOINT WARNING * * *
You hit the yak.
The yak is heavily wounded.
The yak gores you!
* * * LOW HITPOINT WARNING * * *
You barely miss the yak.
The yak is heavily wounded.
The yak barely misses you.
You closely miss the yak.
The yak is heavily wounded.
You hit the yak but do no damage.
The yak is heavily wounded.
The yak gores you!
You die...

################
#<.#..').#..'..#
#..').#..').#..+
#..#####'#####'#
#..# #..#...#.#
#..#__####..##.#
#..#_____##'#_.+
#⌠⌠#_.∩..Y@..._#
####_..__##_.#'#
#____ ##+#.#
#### ###


You could see a yak.

Vanquished Creatures
  Sigmund (D)
  An ogre (D)
  A jelly (D)
  Ijyb (D)
4 creatures vanquished.

Notes
Turn   | Place    | Note
-------+----------+-------------------------------------------
     0 | D        | Low2 the Ogre Gladiator began the quest for the Orb.
     0 | D        | Reached XP level 1. HP: 22/22 MP: 1/1
     2 | D        | Noticed Ijyb
    18 | D        | Killed Ijyb
    19 | D        | Reached skill level 4 in Staves
    19 | D        | Reached XP level 2. HP: 12/32 MP: 2/2
    19 | D        | Reached XP level 3. HP: 15/39 MP: 3/3
   111 | D        | Noticed an ogre
   121 | D        | Killed an ogre
   122 | D        | Reached skill level 6 in Staves
   122 | D        | Reached skill level 5 in Dodging
   122 | D        | Reached XP level 4. HP: 49/49 MP: 4/4
   134 | D        | Noticed Sigmund
   159 | D        | Killed Sigmund
   160 | D        | Reached skill level 8 in Staves
   160 | D        | Reached skill level 1 in Stealth
   160 | D        | Reached XP level 5. HP: 9/61 MP: 5/5
   160 | D        | Reached XP level 6. HP: 11/68 MP: 6/6
   449 | D        | Found an ornate altar of the Wu Jian Council.
   449 | D        | Found a shimmering blue altar of Sif Muna.
   452 | D        | Found a radiant altar of Vehumet.
   468 | D        | Got the Compendium of Rime and Evolution
   490 | D        | Found Pipniemn's Weapon Emporium.
   490 | D        | Found an ancient bone altar of Kikubaaqudgha.
   490 | D        | Found a hazy altar of Hepliaklqana.
   490 | D        | Found a stormy altar of Qazlal.
   490 | D        | Found a hide-covered altar of Uskayaw.
   490 | D        | Found a blossoming altar of Fedhas.
   490 | D        | Found a bloodstained altar of Trog.
   490 | D        | Found an iron altar of Okawaru.
   490 | D        | Found a basalt altar of Yredelemnul.
   490 | D        | Found a glowing golden altar of the Shining One.
   490 | D        | Found a snail-covered altar of Cheibriados.
   490 | D        | Found a sacrificial altar of Ru.
   490 | D        | Found a glowing silver altar of Zin.
   490 | D        | Found a shadowy altar of Dithmenos.
   490 | D        | Found a white marble altar of Elyvilon.
   490 | D        | Noticed a yak
   491 | D        | Found an opulent altar of Gozag.
   503 | D        | Slain by a yak

Illustrated notes

Levels and vault maps discovered:
D:        dungeon_sprint_1 [red_sonja_temple_1, red_sonja_temple_small_1]

Skill      XL: |  1  2  3  4 |
---------------+-------------+-----
Fighting       | 3 4 6 |  6.8
Staves         | 4 6 8 |  8.7
Dodging        | 4 5 6 |  6.9
Throwing       | 3 4 |  4.9
Stealth        | 1 |  1.5

Action                   |  1- 3 |  4- 6 || total
-------------------------+-------+-------++-------
Melee: Quarterstaff      |    22 |    21 ||    43
Throw: Throwing net      |     2 |     2 ||     4
       Large rock        |       |     3 ||     3
  Use: Potion            |       |     3 ||     3
       Scroll            |       |     1 ||     1
 Stab: Held in net/web   |     1 |       ||     1
Armor: Robe              |     2 |       ||     2
Dodge: Dodged            |     6 |     6 ||    12

Table legend: (Time is in decaauts)
 A = Elapsed time spent in this place.
 B = Non-inter-level travel time spent in this place.
 C = Inter-level travel time spent in this place.
 D = Time resting spent in this place.
 E = Time spent auto-exploring this place.
 F = Levels seen in this place.
 G = Mean time per level.
                   A        B        C        D        E       F      G
               +--------+--------+--------+--------+--------+-----+--------+
         Total |    514 |    514 |      0 |    372 |      0 |   1 |  514.0 |
       Dungeon |    514 |    514 |      0 |    372 |      0 |   1 |  514.0 |
               +--------+--------+--------+--------+--------+-----+--------+

Top non-repeatable levels by time:
       D: 514 daAuts
